 Dungeon Crawl Stone Soup version 0.29.1-2-gbd0b4ee654 (webtiles) character file.

Game seed: 2269022229388222098

10059 sizableburger the Slicer (level 11, -2/81 HPs)
             Began as a Mummy Venom Mage on Oct 27, 2022.
             Was a Priest of Dithmenos.
             Slain by an ice devil (4 damage)
             ... on level 1 of the Lair of Beasts.
             The game lasted 00:41:40 (14722 turns).

sizableburger the Slicer (Mummy Venom Mage)        Turns: 14722, Time: 00:41:40

Health: -2/81      AC: 15    Str:  8    XL:     11   Next: 31%
Magic:  11/20      EV: 12    Int: 26    God:    Dithmenos [***...]
Gold:   916        SH:  5    Dex: 13    Spells: 7/22 levels left

rFire   x x .      SeeInvis .   d - +2 short sword (drain)
rCold   + + .      Faith    .   (no shield)
rNeg    + + +      Spirit   .   y - +0 steam dragon scales
rPois   ∞          Reflect  +   f - +2 helmet "Merapru" {Regen+ Str-3 Int+7 Stlth+}
rElec   .          Harm     .   t - scarf {shadows}
rCorr   .          Rampage  .   l - +2 pair of gloves
Will    +....                   (no boots)
Stlth   ++++++....              m - amulet of reflection
HPRegen 1.03/turn               z - ring of ice
MPRegen 0.17/turn               q - +4 ring of protection

@: wreathed by umbra
A: cold resistance 1, negative energy resistance 3, torment resistance 2, heat
vulnerability 1, in touch with death 1, no potions
a: Renounce Religion, Shadow Step


You were on level 1 of the Lair of Beasts.
You worshipped Dithmenos.
Dithmenos was most pleased with you.
You visited 3 branches of the dungeon, and saw 12 of its levels.
You also visited: Sewer and Bailey.

You collected 916 gold pieces.

Inventory:

Hand Weapons
 d - a +2 short sword of draining (weapon)
Missiles
 c - 3 throwing nets
Armour
 e - the +3 robe of Kejig {rElec rC+}
   (You found it on level 2 of the Dungeon)

   rC:        It protects you from cold.
   rElec:     It insulates you from electricity.
 f - the +2 helmet "Merapru" (worn) {Regen+ Str-3 Int+7 Stlth+}
   (You found it on level 7 of the Dungeon)

   Str:       It affects your strength (-3).
   Int:       It affects your intelligence (+7).
   Regen:     It increases your rate of health regeneration.
   Stlth:     It makes you more stealthy.
 l - a +2 pair of gloves (worn)
 o - a +0 cloak
 r - a +0 troll leather armour
 t - a scarf of shadows (worn)
 y - +0 steam dragon scales (worn)
Jewellery
 g - an amulet of the acrobat
 h - a +6 ring of strength
 k - a ring of protection from fire
 m - an amulet of reflection (around neck)
 q - a +4 ring of protection (right hand)
 z - a ring of ice (left hand)
Wands
 i - a wand of iceblast (23)
 p - a wand of charming (8)
 u - a wand of digging (11)
Scrolls
 b - 11 scrolls of teleportation
 j - 4 scrolls of amnesia
 n - 9 scrolls of identify
 s - 3 scrolls of vulnerability
 v - 4 scrolls of enchant weapon
 w - a scroll of brand weapon
 x - 4 scrolls of summoning


   Skills:
 - Level 6.3 Fighting
 + Level 8.0 Short Blades
 + Level 2.6 Armour
 - Level 1.5 Dodging
 + Level 6.1 Stealth
 - Level 6.0 Spellcasting
 - Level 3.1 Conjurations
 - Level 3.7 Hexes
 - Level 4.0 Summonings
 - Level 3.3 Necromancy
 - Level 0.9 Transmutations
 - Level 3.3 Ice Magic
 - Level 2.1 Air Magic
 - Level 3.6 Poison Magic


You had 7 spell levels left.
You knew the following spells:

 Your Spells              Type           Power      Damage    Failure   Level
a - Sting                 Tmut/Pois      76%        1d6       2%          1
b - Necrotise             Necr           100%       1d9       1%          1
c - Poisonous Vapours     Pois/Air       44%        N/A       3%          2
d - Vampiric Draining     Necr           38%        2d8       5%          3
e - Mephitic Cloud        Conj/Pois/Air  23%        N/A       6%          3
f - Ensorcelled Hibernat  Hex/Ice        78%        N/A       2%          2
g - Call Canine Familiar  Summ           28%        N/A       4%          3

Your spell library contained the following spells:

 Spells                   Type           Power      Damage    Failure   Level
 Slow                     Hex            100%       N/A       1%          1
 Summon Small Mammal      Summ           100%       N/A       1%          1
 Confusing Touch          Hex            27%        N/A       4%          3
 Summon Guardian Golem    Hex/Summ       27%        N/A       4%          3
 Anguish                  Hex/Necr       19%        N/A       16%         4
 Cause Fear               Hex            13%        N/A       16%         4
 Olgreb's Toxic Radiance  Pois           26%        N/A       16%         4
 Freezing Cloud           Conj/Ice/Air   17%        6-21      52%         5
 Conjure Ball Lightning   Conj/Air       10%        3x3d6     98%         6
 Iron Shot                Conj/Erth      7%         9d2       99%         6
 Dragon's Call            Summ           14%        N/A       100%        9
 Spider Form              Tmut/Pois      Unusable   N/A       N/A         3
 Dragon Form              Tmut           Unusable   N/A       N/A         7

Dungeon Overview and Level Annotations

Branches:
Dungeon (10/15)            Temple (1/1) D:7            Lair (1/5) D:10
  Sewer (visited)          Bailey (visited)
    Orc: D:9-12

Altars:
Ashenzari
Cheibriados
Dithmenos
Fedhas
Gozag
Hepliaklqana
Kikubaaqudgha
Makhleb
Nemelex Xobeh
Okawaru
Qazlal
Ru
Sif Muna
Trog
Uskayaw
Vehumet
Wu Jian
Xom
Yredelemnul

Portals:
Ice
Cave: Lair:1

Annotations:
D:7 2 transporters, TheGhostDragon952's ghost, amateur OgFE


Innate Abilities, Weirdness & Mutations

You are immune to poison.
Your flesh is cold resistant. (rC+)
You are immune to negative energy. (rN+++)
You are immune to unholy pain and torment.
You are vulnerable to heat. (rF-)
You are in touch with the powers of death.
You do not drink.


Message History

Casting: Sting (safe; 2% risk of failure)
Confirm with . or Enter, or press ? or * to list all spells.
Aiming: Sting (safe; 2% risk of failure)
Press: ? - help, Shift-Dir - straight line, f - ice devil
Aim: an ice devil (lightly wounded, ally target, umbra, 74% to hit)
The sting hits the ice devil but does no damage.
The ice devil is poisoned.
The ice devil is lightly wounded.
Your hound bites the ice devil.
The ice devil closely misses you.
Casting: Sting (safe; 2% risk of failure)
Confirm with . or Enter, or press ? or * to list all spells.
Aiming: Sting (safe; 2% risk of failure)
Press: ? - help, Shift-Dir - straight line, f/p - ice devil
Aim: an ice devil (lightly wounded, poisoned, ally target, umbra, 74% to hit)
The sting hits the ice devil.
The ice devil looks even sicker.
The ice devil is lightly wounded.
Your hound barely misses the ice devil.
The ice devil hits you!
* * * LOW HITPOINT WARNING * * *
The ice devil freezes you. You resist.
* * * LOW HITPOINT WARNING * * *
Your hound bites the ice devil but does no damage.
Casting: Sting (safe; 2% risk of failure)
Confirm with . or Enter, or press ? or * to list all spells.
Aiming: Sting (safe; 2% risk of failure)
Press: ? - help, Shift-Dir - straight line, f/p - ice devil
Aim: an ice devil (lightly wounded, very poisoned, ally target, umbra, 74% to hit)
The sting misses the ice devil.
Your hound closely misses the ice devil.
The ice devil barely misses you.
Casting: Sting (safe; 2% risk of failure)
Confirm with . or Enter, or press ? or * to list all spells.
Aiming: Sting (safe; 2% risk of failure)
Press: ? - help, Shift-Dir - straight line, f/p - ice devil
Aim: an ice devil (lightly wounded, very poisoned, ally target, umbra, 74% to hit)
The sting hits the ice devil.
The ice devil partially resists.
The ice devil is lightly wounded.
Your hound bites the ice devil.
The ice devil hits you!
* * * LOW HITPOINT WARNING * * *
The ice devil freezes you. You resist.
You die... #...†.### # /4h

#....## ####.# #.#
#..†.# P......# ##.##
###†####......# #...# #
##.###.......###'#+#
.####..##..........$...#
....##.##..........[P###
#......#........4h.###
#....##.........@..##
##..####............#
...## #.#.........###
#..# #####........# ..##
##......... <.#
##......... .##
#.......## ## ##.....##
#......


You could see an ice devil (very poisoned, ally target) and a friendly hound
(summoned).

Vanquished Creatures
  Harold (D:9)
  An orc knight (Bailey)
  Maurice (D:9)
  Maggie (D:9)
  An ice devil (Lair:1)
  A troll (D:7)
  2 wyverns
  18 yaks
  2 wraiths
  Grum (D:8)
  2 steam dragons
  An acid dragon (D:7)
  Duvessa (D:7)
  2 ice beasts (D:6)
  2 sky beasts
  A black bear (D:10)
  10 orc warriors
  A centaur (D:6)
  4 wolves (D:8)
  2 phantoms
  A kobold brigand (D:8)
  4 bullfrogs
  2 scorpions
  5 wights
  Dowan (D:7)
  3 jellies
  2 hounds
  3 orc priests
  2 gnoll boudas
  Crazy Yiuf (D:7)
  8 orc wizards
  3 iguanas
  A merfolk siren (Sewer)
  A merfolk avatar (Sewer)
  11 gnolls
  5 adders
  2 river rats (Sewer)
  A white imp (D:6)
  4 ufetubi
  3 worms
  4 dart slugs
  58 orcs
  9 ball pythons
  5 endoplasms
  7 giant cockroaches
  9 goblins
  13 hobgoblins
  4 jackals (D:2)
  18 kobolds
  4 quokkas
  5 bats
  8 frilled lizards
  28 rats
290 creatures vanquished.

Vanquished Creatures (collateral kills)
  Joseph (D:7)
  An orc warrior (Bailey)
  A frilled lizard (Sewer)
3 creatures vanquished.

Vanquished Creatures (others)
  A yak (Lair:1)
  4 fungi
  5 plants
10 creatures vanquished.

Grand Total: 303 creatures vanquished

Notes
Turn   | Place    | Note
-------+----------+-------------------------------------------
     0 | D:1      | sizableburger the Mummy Venom Mage began the quest for the
                  | Orb.
     0 | D:1      | Reached XP level 1. HP: 13/13 MP: 4/4
    16 | D:1      | Found a faded altar of an unknown god.
   344 | D:1      | Got Plato's Commentary on the Dead
   497 | D:1      | Reached XP level 2. HP: 20/20 MP: 3/5
  1397 | D:2      | Gained mutation: You are in touch with the powers of death.
                  | [Mummy growth]
  1397 | D:2      | Reached XP level 3. HP: 24/25 MP: 2/7
  1445 | D:2      | Learned a level 1 spell: Necrotise
  1506 | D:2      | Reached skill level 1 in Fighting
  1655 | D:2      | Identified the +3 robe of Kejig {rElec rC+}
  1725 | D:2      | Reached skill level 1 in Short Blades
  2345 | D:2      | Reached XP level 4. HP: 32/32 MP: 5/8
  2678 | D:3      | Reached skill level 1 in Necromancy
  2853 | D:3      | Learned a level 2 spell: Poisonous Vapours
  2906 | D:3      | Found a glowing drain.
  2916 | Sewer    | Entered a sewer
  3387 | Sewer    | Reached XP level 5. HP: 36/38 MP: 9/9
  3526 | Sewer    | Reached skill level 1 in Air Magic
  3615 | Sewer    | Learned a level 3 spell: Vampiric Draining
  4187 | D:4      | Reached skill level 2 in Short Blades
  4472 | D:4      | Identified the +0 robe of Tenacity {+Blink rElec Dex+2
                  | SInv}
  4517 | D:4      | Reached XP level 6. HP: 38/44 MP: 11/11
  4634 | D:4      | Got Botwikh's Guide on Blows and Bruises
  5143 | D:5      | Entered Level 5 of the Dungeon
  5143 | D:5      | You fall into a shaft and drop 2 floors!
  5143 | D:7      | Found a staircase to the Ecumenical Temple.
  5165 | Temple   | Entered the Ecumenical Temple
  5436 | Temple   | Became a worshipper of Dithmenos the Shadowed
  5490 | D:7      | Noticed a sky beast
  5501 | D:7      | Killed a sky beast
  5536 | D:7      | Learned a level 3 spell: Mephitic Cloud
  5799 | D:5      | Reached XP level 7. HP: 48/50 MP: 13/13
  6136 | D:5      | Reached skill level 3 in Short Blades
  6136 | D:5      | Reached skill level 1 in Conjurations
  6152 | D:5      | Identified the +0 chain mail of Maacic {Rampage rC- Int+4
                  | SInv}
  7025 | D:6      | Reached skill level 5 in Spellcasting
  7373 | D:6      | Reached XP level 8. HP: 52/56 MP: 14/16
  7464 | D:6      | Found a blossoming altar of Fedhas.
  7464 | D:6      | Found a hide-covered altar of Uskayaw.
  7800 | D:6      | Found a broken altar of Ashenzari.
  8165 | D:7      | Found a bloodstained altar of Trog.
  8165 | D:7      | Noticed TheGhostDragon952's ghost (amateur OgFE)
  8165 | D:7      | Noticed a moth of wrath
  8322 | D:7      | Reached skill level 4 in Short Blades
  8588 | D:7      | Noticed a troll
  8717 | D:7      | Found a transporter.
  8722 | D:7      | Found a transporter.
  8850 | D:7      | Reached * piety under Dithmenos
  8907 | D:7      | Identified the +2 helmet "Merapru" {Regen+ Str-3 Int+7
                  | Stlth+}
  9055 | D:7      | Noticed Joseph
  9072 | D:7      | Killed Joseph
  9267 | D:7      | Learned a level 2 spell: Ensorcelled Hibernation
  9293 | D:7      | Killed a troll
  9294 | D:7      | Reached skill level 1 in Hexes
  9294 | D:7      | Reached XP level 9. HP: 54/61 MP: 13/18
  9366 | D:7      | Noticed Duvessa
  9369 | D:7      | Noticed Dowan
  9374 | D:7      | Killed Dowan
  9375 | D:7      | Reached skill level 5 in Short Blades
  9375 | D:7      | Reached skill level 1 in Ice Magic
  9386 | D:7      | Killed Duvessa
  9836 | D:7      | Found a runed translucent door.
  9837 | D:7      | Noticed Crazy Yiuf
  9844 | D:7      | Killed Crazy Yiuf
  9846 | D:7      | Identified the +9 hammer "Worm" {freeze, rElec rCorr Int-5
                  | Dex+10}
 10106 | D:8      | Noticed Grum
 10122 | D:8      | Reached skill level 5 in Stealth
 10463 | D:8      | Killed Grum
 10540 | D:8      | Found a sparkling altar of Nemelex Xobeh.
 10800 | D:8      | Reached skill level 6 in Short Blades
 10815 | D:8      | Reached XP level 10. HP: 71/71 MP: 11/19
 11129 | D:8      | Learned a level 3 spell: Call Canine Familiar
 11398 | D:9      | Reached skill level 1 in Summonings
 11664 | D:9      | Noticed Maurice
 11675 | D:9      | Killed Maurice
 11868 | D:9      | Noticed Maggie
 11885 | D:9      | Killed Maggie
 11940 | D:9      | Noticed Harold
 11942 | D:9      | Found a sacrificial altar of Ru.
 12018 | D:9      | Killed Harold
 12018 | D:9      | Reached ** piety under Dithmenos
 12019 | D:9      | Reached skill level 5 in Fighting
 12493 | D:9      | Reached skill level 7 in Short Blades
 12804 | D:10     | Entered Level 10 of the Dungeon
 13194 | D:10     | Found a flagged portal.
 13200 | Bailey   | Entered a bailey
 13451 | Bailey   | Reached *** piety under Dithmenos
 13509 | Bailey   | Reached XP level 11. HP: 79/81 MP: 10/20
 13553 | Bailey   | Noticed an orc knight
 13577 | Bailey   | Killed an orc knight
 13578 | Bailey   | Reached skill level 1 in Armour
 13934 | D:10     | Found a staircase to the Lair.
 14526 | Lair:1   | Entered Level 1 of the Lair of Beasts
 14685 | Lair:1   | Reached skill level 8 in Short Blades
 14688 | Lair:1   | Found a frozen archway.
 14722 | Lair:1   | HP: 2/81 [ice devil (11)]
 14722 | Lair:1   | Slain by an ice devil

Illustrated notes

Levels and vault maps discovered:
D:1:      wander_arrival_abandoned_jail, layout_loops_cross,
          shapermc_ecumenical_altar_rom_forum
D:2:      layout_loops_ring, chequers_serial_rivers_marsh, wad_floor_pattern_1
D:3:      layout_rooms, cheibrodos_sewer_entry_sluice, eino_curves_04,
          hangedman_decor_clover_reticule, fountainhead, corexii_shack
D:4:      layout_basic
D:5:      layout_cave_pods
D:6:      layout_loops_ring, mainiacjoe_overflow_alcove_3, amethyst_killhole
D:7:      layout_layer_cave, minmay_temple_entry_arrows,
          gammafunk_ghost_wrathful_warriors, hangedman_minor_gate_pass,
          uniq_crazy_yiuf_cottage, uniq_duvessa, uniq_joseph
D:8:      layout_gridville, nemelex_xobeh_ov_fountains_minmay,
          nicolae_overflow_hidden_temple, uniq_grum
D:9:      layout_stronghold, lemuel_crystal_altar, minmay_misc_feat_square,
          uniq_maggie, uniq_harold, uniq_maurice
D:10:     layout_basic, grunt_lair_entry_orc_guard_hut, enter_bailey_2,
          special_room [special_room_orc]
Temple:   nicolae_temple_superstar
Lair:1:   hellmonk_destroyed_diamonds, layout_cave_pods,
          nicolae_volcano_entry_hallway, portal_ice_cave_demonic_guard,
          chequers_serial_rivers_micro_d, lemuel_old_faithful,
          grunt_megastairs_4, uniq_gastronok

Skill      XL: |  1  2  3  4  5  6  7  8  9 10 11 |
---------------+----------------------------------+-----
Spellcasting   | 3 4 5 6 |  6.0
Fighting       | 1 2 3 6 |  6.3
Short Blades   | 1 2 3 4 6 7 8 |  8.0
Necromancy     | 1 2 3 |  3.3
Poison Magic   | 3 |  3.6
Air Magic      | 1 2 |  2.1
Conjurations   | 2 3 |  3.1
Stealth        | 2 4 5 6 |  6.1
Hexes          | 1 3 |  3.7
Ice Magic      | 3 |  3.3
Summonings     | 4 |  4.0
Armour         | 2 |  2.6
Dodging        | |  1.5
Transmutations | |  0.9

Action                   |  1- 3 |  4- 6 |  7- 9 | 10-12 || total
-------------------------+-------+-------+-------+-------++-------
Melee: Dagger            |    21 |       |       |       ||    21
       Short sword       |    35 |   215 |   347 |   472 ||  1069
       Punch             |       |     5 |     8 |     9 ||    22
 Cast: Sting             |    78 |    32 |    19 |    12 ||   141
       Necrotise         |       |    17 |     2 |       ||    19
       Poisonous Vapours |       |    12 |     1 |     3 ||    16
       Vampiric Draining |       |     1 |    11 |     3 ||    15
       Mephitic Cloud    |       |       |    16 |    13 ||    29
       Ensorcelled Hiber |       |       |     7 |    15 ||    22
       Call Canine Famil |       |       |       |    14 ||    14
Evoke: Wand              |       |       |     6 |       ||     6
  Use: Scroll            |       |     3 |     9 |     4 ||    16
 Stab: Sleeping          |       |     5 |     7 |    12 ||    24
       Distracted        |       |     1 |       |     4 ||     5
       Confused          |       |       |    13 |    17 ||    30
Armor: Robe              |    17 |    70 |    39 |       ||   126
       Troll leather arm |       |       |    73 |   123 ||   196
       Steam dragon scal |       |       |       |     6 ||     6
Dodge: Dodged            |    42 |   152 |   156 |   197 ||   547
Block: Other             |       |    21 |    69 |    93 ||   183
       Reflection        |       |       |     4 |       ||     4
